 Dungeon Crawl Stone Soup version 0.30-a0-782-ge64f9170bb (webtiles) character file.

Game seed: 11091418014526652148

93 senseless the Caller (level 4, 0/24 HPs)
             Began as a Kobold Summoner on Mar 7, 2023.
             Killed by nerve-wracking pain
             ... invoked by Grinder
              (12 damage)
             ... on level 4 of the Dungeon.
             The game lasted 00:08:18 (3204 turns).

senseless the Caller (Kobold Summoner)              Turns: 3204, Time: 00:08:19

Health: 0/24       AC:  9    Str:  8    XL:     4   Next: 91%
Magic:  2/8        EV: 15    Int: 18    God:
Gold:   176        SH:  0    Dex: 15    Spells: 5/9 levels left

rFire   . . .      SeeInvis .    e - +3 dagger (elec)
rCold   . . .      Faith    .    (no shield)
rNeg    . . .      Spirit   .    l - +4 robe "Hero's Friend" {rPois Str+3}
rPois   +          Reflect  .    f - +0 helmet
rElec   .          Harm     .    g - +1 cloak
rCorr   .          Rampage  .    (no gloves)
Will    .....                    (no boots)
Stlth   ++++                     (no amulet)
HPRegen 0.24/turn                (no ring)
MPRegen 0.11/turn                (no ring)

@: no status effects
A: small, no large weapons, nightstalker 3
a: no special abilities


You were on level 4 of the Dungeon.
You visited 1 branch of the dungeon, and saw 4 of its levels.

You collected 176 gold pieces.

Inventory:

Hand Weapons
 e - a +3 dagger of electrocution (weapon)
 m - a +1 vampiric dagger
Armour
 a - a +0 robe
 f - a +0 helmet (worn)
 g - a +1 cloak (worn)
 l - the +4 robe "Hero's Friend" (worn) {rPois Str+3}
   (You found it on level 3 of the Dungeon)

   Str:       It affects your strength (+3).
   rPois:     It protects you from poison.
Scrolls
 o - 2 scrolls of amnesia
Potions
 b - a potion of magic
 d - a potion of might {unknown}
 h - a potion of lignification {unknown}
 i - 2 potions of curing {unknown}
 j - a potion of brilliance {unknown}
 n - a potion of attraction {unknown}


   Skills:
 + Level 3.4 Dodging
 + Level 4.0 Stealth
 + Level 3.0 Spellcasting
 + Level 4.5 Summonings


You had 5 spell levels left.
You knew the following spells:

 Your Spells              Type           Power      Damage    Failure   Level
a - Summon Small Mammal   Summ           76%        N/A       2%          1
b - Call Canine Familiar  Summ           19%        N/A       8%          3

Your spell library contained the following spells:

 Spells                   Type           Power      Damage    Failure   Level
 Call Imp                 Summ           19%        N/A       3%          2
 Summon Guardian Golem    Hex/Summ       10%        N/A       19%         3
 Ensorcelled Hibernation  Hex/Ice        4%         N/A       24%         2
 Passwall                 Tmut/Erth      1%         N/A       24%         2
 Inner Flame              Hex/Fire       2%         N/A       43%         3
 Swiftness                Air            2%         N/A       43%         3
 Summon Lightning Spire   Summ/Air       10%        N/A       54%         4
 Flame Wave               Conj/Fire      2%         2d4       85%         4
 Sticky Flame             Conj/Fire      2%         2d3       85%         4


Dungeon Overview and Level Annotations

Branches:
Dungeon (4/15)
 Temple: D:4-7

Altars:
Makhleb

Annotations:
D:4 Grinder


Innate Abilities, Weirdness & Mutations

You are small and have problems with some larger weapons.
You are completely attuned to the shadows.


Message History

Grinder is lightly wounded.
Your bat hits Grinder.
Grinder blinks!
What are your orders? t - Shout!
Orders for allies: a - Attack new target. p - Attack previous target. r - Retreat! s - Stop attacking. g - Guard the area. f - Follow me.
Anything else - Cancel.
Gang up on whom?
Press: ? - help, Dir - move target, f/p - Grinder
Aim: Grinder (lightly wounded, ally target) Attack!
Grinder barely misses your rat.
Your rat bites Grinder.
Your bat hits Grinder.
Your hound barely misses Grinder.
Grinder hits your rat!
Your rat dies!
Your rat's corpse disappears in a puff of smoke!
Your hound bites Grinder.
Casting: Summon Small Mammal (safe; 2% risk of failure)
Confirm with . or Enter, or press ? or * to list all spells.
Your hound bites Grinder.
Grinder completely misses your bat.
Your bat hits Grinder but does no damage.
What are your orders? t - Shout!
Orders for allies: a - Attack new target. p - Attack previous target. r - Retreat! s - Stop attacking. g - Guard the area. f - Follow me.
Anything else - Cancel.
Gang up on whom?
Press: ? - help, Dir - move target, f/p - Grinder
Aim: Grinder (moderately wounded, not watching you, ally target) Attack!
Your bat hits Grinder.
Your hound bites Grinder.
Your bat closely misses Grinder.
Your hound bites Grinder but does no damage.
Your bat closely misses Grinder.
Your hound bites Grinder.
Your bat hits Grinder. Your bat misses Grinder.
Your bat barely misses Grinder.
Your bat hits Grinder but does no damage.
Grinder gestures at you. Pain shoots through your body!
Ouch! That really hurt!
You die...

#....##.# ..##<##.#.
###....#.#.#.#.(...#.
.........#......#....
####.#.###...#.##....
#...)#...#.......)...
###bh###....##.##....
#b5# ###..##.##....
###..# #.....##....
.....@# #.#.####....
#####.# #.#.# ##..#
#.# #.#.. #..# #.#
... #..# #.# #...
###. #. #. ..


You could see Grinder (ally target), a friendly hound (summoned) and 2 friendly
bats.

Vanquished Creatures
  2 adders
  A dart slug (D:2)
  5 endoplasms
  5 giant cockroaches
  4 goblins
  4 hobgoblins
  A quokka (D:1)
  3 ball pythons
  4 bats
  8 kobolds
  4 rats
41 creatures vanquished.

Vanquished Creatures (collateral kills)
  An adder (D:3)
  A worm (D:3)
  A ball python (D:1)
  2 endoplasms
  A giant cockroach (D:1)
  2 goblins
  2 kobolds
  A quokka (D:1)
  A bat (D:1)
  A frilled lizard (D:1)
  2 rats (D:1)
15 creatures vanquished.

Grand Total: 56 creatures vanquished

Notes
Turn   | Place    | Note
-------+----------+-------------------------------------------
     0 | D:1      | senseless the Kobold Summoner began the quest for the Orb.
     0 | D:1      | Reached XP level 1. HP: 10/10 MP: 3/3
   355 | D:1      | Reached XP level 2. HP: 15/15 MP: 0/5
   615 | D:1      | Reached XP level 3. HP: 19/19 MP: 1/6
  1249 | D:1      | Learned a level 3 spell: Call Canine Familiar
  1696 | D:2      | Found a burning altar of Makhleb.
  1850 | D:2      | Reached XP level 4. HP: 24/24 MP: 8/8
  2246 | D:3      | Identified the +4 robe "Hero's Friend" {rPois Str+3}
  3185 | D:4      | Noticed Grinder
  3204 | D:4      | Killed from afar by Grinder

Illustrated notes

Levels and vault maps discovered:
D:1:      minmay_arrival_doors, layout_basic
D:2:      layout_loops_ring, basic_altar
D:3:      layout_basic, hangedman_decor_slide_cut, nicolae_elevator_lobby_plus
D:4:      layout_basic, kennysheep_generic_room_15, uniq_grinder,
          uniq_crazy_yiuf_cottage

Skill      XL: |  1  2  3  4 |
---------------+-------------+-----
Stealth        | 3 4 |  4.0
Dodging        | 3 |  3.4
Spellcasting   | 3 |  3.0
Summonings     | |  4.5

Action                     |  1- 3 |  4- 6 || total
---------------------------+-------+-------++-------
  Melee: Unarmed           |    14 |       ||    14
         Dagger            |    60 |    37 ||    97
   Cast: Summon Small Mamm |    39 |    15 ||    54
         Call Canine Famil |       |     3 ||     3
    Use: Scroll            |     3 |     4 ||     7
   Stab: Sleeping          |     9 |     6 ||    15
         Distracted        |       |     1 ||     1
 Armour: Robe              |    10 |    14 ||    24
  Dodge: Dodged            |    80 |    27 ||   107

Table legend: (Time is in decaauts)
 A = Elapsed time spent in this place.
 B = Non-inter-level travel time spent in this place.
 C = Inter-level travel time spent in this place.
 D = Time resting spent in this place.
 E = Time spent auto-exploring this place.
 F = Levels seen in this place.
 G = Mean time per level.
                   A        B        C        D        E       F      G
               +--------+--------+--------+--------+--------+-----+--------+
         Total |   3203 |   2936 |    267 |      0 |   2475 |   4 |  800.8 |
       Dungeon |   3203 |   2936 |    267 |      0 |   2475 |   4 |  800.8 |
               +--------+--------+--------+--------+--------+-----+--------+

Top non-repeatable levels by time:
     D:1: 1246 daAuts
     D:3: 1068 daAuts
     D:2: 780 daAuts
     D:4: 109 daAuts
